 Dungeon Crawl Stone Soup version 0.25-a0-356-g7c9d860b3b (webtiles) character file.

Game seed: 2525215331008335596, levelgen mode: deterministic

22126 Inarius the Cleaver (level 12, -3/91 HPs)
             Began as a Mummy Gladiator on Jan 3, 2020.
             Was an Initiate of Gozag.
             Slain by LostGamesStreakFreak's ghost (9 damage)
             ... on level 7 of the Dungeon.
             The game lasted 00:28:24 (17632 turns).

Inarius the Cleaver (Mummy Gladiator)              Turns: 17632, Time: 00:28:24

Health: -3/91      AC: 17    Str: 22    XL:     12   Next: 60%
Magic:  15/15      EV: 12    Int:  7    God:    Gozag
Gold:   1666       SH: 11    Dex: 14    Spells: 11/11 levels left

rFire    . . .     SeeInvis .   a - +0 war axe
rCold    + . .     Gourm    .   g - +0 buckler
rNeg     + + +     Faith    .   t - +4 ring mail
rPois    ∞         Spirit   .   c - +0 helmet
rElec    .         Reflect  +   r - +0 cloak
rCorr    .         Harm     .   (no gloves)
MR       +....                  j - +0 pair of boots
Stlth    +.........             x - +6 amulet of reflection
HPRegen  0.25/turn              l - ring of protection from fire
MPRegen  0.14/turn              w - +3 ring of protection

@: about to teleport
A: no food or potions, fire vulnerability, cold resistance 1, negative energy
resistance 3, torment resistance, unbreathing
a: Potion Petition, Call Merchant, Bribe Branch, Renounce Religion


You were on level 7 of the Dungeon.
You worshipped Gozag.
Gozag was most pleased with you.
You were not hungry.

You visited 3 branches of the dungeon, and saw 14 of its levels.

You collected 2943 gold pieces.
You spent 1188 gold pieces at shops.
You paid 89 gold pieces to Gozag.

Inventory:

Hand Weapons
 a - a +0 war axe (weapon)
 i - a +0 morningstar
Missiles
 d - 6 throwing nets
 h - a boomerang (quivered)
Armour
 c - a +0 helmet (worn)
 g - a +0 buckler (worn)
 j - a +0 pair of boots (worn)
 r - a +0 cloak (worn)
 t - a +4 ring mail (worn)
 z - a +0 plate armour
 A - a +0 ring mail of cold resistance
Jewellery
 l - a ring of protection from fire (left hand)
 o - a +2 ring of strength
 v - an uncursed ring of see invisible
 w - a +3 ring of protection (right hand)
 x - a +6 amulet of reflection (around neck)
 K - an uncursed ring of ice
Wands
 s - a wand of acid (8)
 y - a wand of polymorph (10)
 D - a wand of iceblast (11)
 H - a wand of flame (13)
 L - a wand of random effects (14)
 N - a wand of scattershot (4)
 O - a wand of paralysis (11)
 P - a wand of enslavement (8)
Scrolls
 b - 3 scrolls of blinking
 e - 3 scrolls of magic mapping
 f - 7 scrolls of remove curse
 k - 4 scrolls of noise
 m - 4 scrolls of fear
 n - 5 scrolls of enchant armour
 p - 3 scrolls of teleportation
 q - 3 scrolls of amnesia
 B - a scroll of enchant weapon
 C - 2 scrolls of immolation
 E - a scroll of vulnerability
 G - 3 scrolls of fog
 I - a scroll of holy word {unknown}
 J - a scroll of silence {unknown}
 M - a scroll of brand weapon {unknown}
Miscellaneous
 u - a sack of spiders


   Skills:
 + Level 7.3 Fighting
 * Level 13.6 Axes
 - Level 1.5 Throwing
 + Level 6.4 Armour
 - Level 2.4 Dodging
 + Level 5.3 Shields
 + Level 4.6 Evocations


You had 11 spell levels left.
You didn't know any spells.
Your spell library contained the following spells:

 Spells                   Type           Power        Failure   Level  Hunger
 Animate Skeleton         Necr           N/A          56%         1    N/A
 Apportation              Tloc           #.....       56%         1    N/A
 Magic Dart               Conj           #...         56%         1    N/A
 Pain                     Necr           #...         56%         1    N/A
 Sting                    Tmut/Pois      #...         56%         1    N/A
 Poisonous Vapours        Pois/Air       #.....       71%         2    N/A
 Searing Ray              Conj           #.....       71%         2    N/A
 Sticks to Snakes         Tmut           #.......     71%         2    N/A
 Dazzling Flash           Conj/Hex       #.....       91%         3    N/A
 Ignite Poison            Fire/Tmut/Pois #.......     91%         3    N/A
 Mephitic Cloud           Conj/Pois/Air  #.......     91%         3    N/A
 Vampiric Draining        Necr           #.........   91%         3    N/A
 Animate Dead             Necr           N/A          100%        4    N/A
 Fulminant Prism          Conj/Hex       #.........   100%        4    N/A
 Iskenderun's Mystic Bla  Conj/Tloc      #.......     100%        4    N/A
 Olgreb's Toxic Radiance  Pois           #.......     100%        4    N/A
 Bolt of Magma            Conj/Fire/Erth #.........   100%        5    N/A
 Iskenderun's Battlesphe  Conj/Chrm      #.......     100%        5    N/A
 Dispersal                Tloc           #.........   100%        6    N/A
 Iron Shot                Conj/Erth      #.........   100%        6    N/A
 Orb of Destruction       Conj           #.........   100%        7    N/A
 Spellforged Servitor     Conj/Summ      #.........   100%        7    N/A
 Disjunction              Tloc           #.........   100%        8    N/A
 Beastly Appendage        Tmut           Unusable     N/A         1    N/A
 Regeneration             Chrm/Necr      Unusable     N/A         3    N/A
 Spider Form              Tmut/Pois      Unusable     N/A         3    N/A
 Ice Form                 Ice/Tmut       Unusable     N/A         4    N/A
 Blade Hands              Tmut           Unusable     N/A         5    N/A

Dungeon Overview and Level Annotations

Branches:
Dungeon (11/15)            Temple (1/1) D:5            Lair (2/6) D:9
  Swamp: Lair:2-4    Shoals: Lair:2-4     Snake: Lair:2-4    Spider: Lair:2-4
    Orc: D:9-12

Altars:
Elyvilon
Fedhas
Gozag
Makhleb
Ru
Wu Jian
Yredelemnul

Shops:
D:4 }}

Portals:
Abyss: D:7

Annotations:
D:7 1 transporter, LostGamesStreakFreak's ghost, novice MiMo
Lair:2 1 runed translucent door, Ilyunwota's ghost, journeyman GnSk


Innate Abilities, Weirdness & Mutations

You do not eat or drink.
Your flesh is vulnerable to fire.
You are immune to poison.
Your flesh is cold resistant. (rC+)
You are immune to negative energy. (rN+++)
You are immune to unholy pain and torment.
You can survive without breathing.


Message History

You are too injured to fight recklessly!
You are too injured to fight recklessly!
You are too injured to fight recklessly!
You are too injured to fight recklessly!
You are too injured to fight recklessly!
You are too injured to fight recklessly!
You are too injured to fight recklessly!
You are too injured to fight recklessly!
You are too injured to fight recklessly!
You are too injured to fight recklessly!
You are too injured to fight recklessly!
As you read the scroll of teleportation, it crumbles to dust.
You feel strangely unstable.
The crimson imp blinks!
The small abomination hits you!
LostGamesStreakFreak's ghost mumbles, "They all look like pillowcases to me..."
You block LostGamesStreakFreak's ghost's attack.
LostGamesStreakFreak's ghost hits you!!
* * * LOW HITPOINT WARNING * * *
You die...
Your body crumbles into a pile of gold.

##..##.#^.^^##..##.# #.####
##...#.##.=...^..#©####.####
#..###.#.###.##.##..........
#.##.. ###.##..##...########
#.#...##)...#..##..#########
#.#..##...####..##.###......
#.##.##..##∩.#(..#.....#####
#..#..#..#©Wx5/.##.###.# ##
##.#X##..##@.####..###.# #.
#..###....####.........# #.
#......#...##...#.#.##)# #.
#.######.#....###.#.##.####.
#........####.# #.#.##.#....
########.# #.# #.#.##.#.##.
#.# #.# #...!.%#.#..
#.####.###...####(#.#
#............# #....


You could see a small abomination, LostGamesStreakFreak's ghost and a crimson
imp.

Vanquished Creatures
  Fannar (D:10)
  Harold (Lair:1)
  2 hydras (Lair:2)
  Erica (D:11)
  Sonja (D:11)
  Nergalle (Lair:2)
  A cyclops (D:11)
  A faun (D:11)
  5 spiny frogs
  4 komodo dragons
  3 trolls
  7 blink frogs
  A polar bear (Lair:2)
  2 hippogriffs
  17 yaks
  A spriggan (D:9)
  2 wraiths (D:7)
  A wyvern (D:9)
  3 basilisks
  Grum (D:10)
  2 hungry ghosts
  An acid dragon (D:7)
  5 water moccasins
  6 porcupines
  3 sky beasts
  4 orc warriors
  2 black bears
  6 ice beasts
  A necrophage (D:7)
  2 phantoms
  6 ogres
  6 centaurs
  5 wolves
  5 crocodiles
  3 big kobolds
  7 bullfrogs
  A scorpion (D:11)
  4 killer bees (D:8)
  3 wights (D:7)
  2 electric eels (D:9)
  4 jellies
  3 howler monkeys
  4 crimson imps
  A bullfrog zombie (D:7)
  5 human zombies (D:7)
  13 hounds
  8 orc priests
  15 orc wizards
  2 bullfrog skeletons
  A centaur skeleton (D:10)
  10 iguanas
  Ijyb (D:3)
  Natasha (twice) (D:3)
  A human skeleton (D:7)
  7 worker ants
  A hound zombie (D:8)
  2 hound skeletons
  6 gnolls
  14 adders
  2 shadow imps (D:10)
  2 oozes
  An adder skeleton (D:9)
  A dart slug (D:2)
  7 leopard geckos
  31 orcs
  A ball python (D:9)
  5 bats
  5 giant cockroaches
  7 goblins
  5 hobgoblins
  14 jackals
  20 kobolds
  4 quokkas
  2 frilled lizards
  An orc zombie (D:7)
  7 rats
  2 bushes (D:6)
  A fungus (Lair:2)
  6 plants (D:6)
354 creatures vanquished.

Vanquished Creatures (others)
  A centaur (D:7)
  2 kobolds (D:10)
  3 fungi (Lair:2)
  A plant (D:6)
7 creatures vanquished.

Grand Total: 361 creatures vanquished

Notes
Turn   | Place    | Note
-------+----------+-------------------------------------------
     0 | D:1      | Inarius the Mummy Gladiator began the quest for the Orb.
     0 | D:1      | Reached XP level 1. HP: 16/16 MP: 1/1
   101 | D:1      | Reached XP level 2. HP: 21/22 MP: 2/2
   254 | D:1      | Reached skill level 3 in Axes
   464 | D:2      | Reached XP level 3. HP: 10/27 MP: 3/3
   686 | D:2      | Reached skill level 1 in Armour
   858 | D:2      | Found a white marble altar of Elyvilon.
   963 | D:2      | Reached XP level 4. HP: 30/33 MP: 4/4
  1739 | D:3      | Noticed Ijyb
  1750 | D:3      | Killed Ijyb
  1750 | D:3      | Reached skill level 4 in Axes
  1903 | D:3      | Reached XP level 5. HP: 38/38 MP: 5/5
  2243 | D:3      | Found a blossoming altar of Fedhas.
  2253 | D:3      | Noticed Natasha
  2265 | D:3      | Killed Natasha
  2443 | D:3      | Noticed Natasha
  2450 | D:3      | Killed Natasha
  2730 | D:4      | Found Diamefij's Gadget Shop.
  2735 | D:4      | Bought a wand of paralysis (5) for 70 gold pieces
  3166 | D:4      | Reached XP level 6. HP: 45/46 MP: 6/6
  3237 | D:4      | Reached skill level 5 in Axes
  3237 | D:4      | Reached skill level 1 in Evocations
  3728 | D:4      | Found Xafacepp's Gadget Shop.
  3876 | D:5      | Entered Level 5 of the Dungeon
  4159 | D:5      | Reached XP level 7. HP: 39/51 MP: 6/8
  4365 | D:5      | Found a staircase to the Ecumenical Temple.
  4422 | Temple   | Entered the Ecumenical Temple
  4431 | Temple   | Became a worshipper of Gozag Ym Sagoz the Greedy
  4576 | D:5      | Found an opulent altar of Gozag.
  5164 | D:6      | Reached skill level 6 in Axes
  5237 | D:6      | Reached skill level 1 in Shields
  5580 | D:6      | Reached XP level 8. HP: 53/58 MP: 9/9
  6081 | D:6      | Reached skill level 7 in Axes
  6568 | D:7      | Reached XP level 9. HP: 64/65 MP: 11/11
  6667 | D:7      | Reached skill level 8 in Axes
  6672 | D:7      | Found a burning altar of Makhleb.
  6849 | D:7      | Found a transporter.
  6868 | D:7      | Found a transporter.
  6869 | D:7      | Noticed a troll
  6874 | D:7      | Found an ornate altar of the Wu Jian Council.
  7197 | D:7      | Found a basalt altar of Yredelemnul.
  7734 | D:7      | Identified the +11 spear "Grim Tooth" {distort, -Tele rElec
                  | MR++ Str+3}
  7752 | D:7      | Found a one-way gate to the infinite horrors of the Abyss.
  7752 | D:7      | Noticed LostGamesStreakFreak's ghost (novice MiMo)
  7778 | D:7      | Noticed a thrashing horror
  7802 | D:7      | Found a transporter.
  7804 | D:7      | Found a transporter.
  7805 | D:7      | Found the +8 demon trident "Rift" {distort, reach+}
  7886 | D:8      | Reached skill level 9 in Axes
  8478 | D:8      | Reached XP level 10. HP: 73/73 MP: 12/12
  8929 | D:9      | Reached skill level 5 in Armour
  9109 | D:9      | Reached skill level 10 in Axes
  9251 | D:9      | Found a staircase to the Lair.
  9602 | D:9      | Found a sacrificial altar of Ru.
  9995 | D:10     | Entered Level 10 of the Dungeon
 10052 | D:10     | Reached skill level 5 in Fighting
 10689 | D:11     | Noticed Fannar
 10696 | D:11     | Noticed Grum
 10829 | D:10     | Killed Fannar
 10829 | D:10     | Reached skill level 11 in Axes
 10829 | D:10     | Reached XP level 11. HP: 38/80 MP: 14/14
 11024 | D:10     | Killed Grum
 11200 | D:11     | Noticed Sonja
 11210 | D:11     | Killed Sonja
 11263 | D:11     | Noticed Erica
 11353 | D:11     | Noticed a two-headed ogre
 11636 | D:11     | Killed Erica
 12371 | D:11     | Reached skill level 12 in Axes
 12566 | D:11     | a two-headed ogre changed into a faun
 12665 | Lair:1   | Entered Level 1 of the Lair of Beasts
 12886 | D:4      | Bought a wand of acid (9) for 338 gold pieces
 12886 | D:4      | Bought a wand of iceblast (9) for 169 gold pieces
 12886 | D:4      | Bought a wand of scattershot (4) for 312 gold pieces
 12886 | D:4      | Bought a wand of paralysis (11) for 169 gold pieces
 12886 | D:4      | Bought a wand of enslavement (8) for 130 gold pieces
 13831 | Lair:1   | Noticed Harold
 14156 | Lair:1   | Killed Harold
 14648 | Lair:2   | Found a runed translucent door.
 15098 | Lair:2   | Noticed Ilyunwota's ghost (journeyman GnSk)
 15098 | Lair:2   | Noticed a six-headed hydra
 15184 | Lair:2   | Reached XP level 12. HP: 78/89 MP: 15/15
 15366 | Lair:2   | Noticed Nergalle
 15398 | Lair:2   | Killed Nergalle
 15415 | Lair:2   | Noticed a seven-headed hydra
 15425 | Lair:2   | Killed a seven-headed hydra
 15425 | Lair:2   | Reached skill level 13 in Axes
 15623 | Lair:2   | Reached skill level 5 in Shields
 15624 | Lair:2   | Noticed a seven-headed hydra
 15634 | Lair:2   | Killed a seven-headed hydra
 17552 | D:7      | Identified the Reference Book on Displacement and Toxins
 17632 | D:7      | Slain by LostGamesStreakFreak's ghost

Levels and vault maps discovered:
D:1:      saegor_arrival_under_anarchy, layout_rooms
D:2:      layout_loops_corners, elyvilon_altar_4
D:3:      layout_basic, fedhas_altar_2, uniq_ijyb, uniq_natasha
D:4:      cheibrodos_quashed, layout_gridville, first_ration, serial_shops,
          kennysheep_little_box, shop
D:5:      layout_loops_ring, minmay_temple_entry_butterflies, st_stairs_1,
          grunt_gozag_statues
D:6:      layout_basic, lexackson_kobold_supper
D:7:      gammafunk_the_bubble [the_bubble_gammafunk_split], layout_loops_ring,
          lemuel_mausoleum_altar_yredelemnul, overflow_temple_1_default,
          nicolae_overflow_crystal_walls, gammafunk_ghost_abyssal_escape
D:8:      layout_basic
D:9:      layout_basic, erik_lair_island, the_bakery, minmay_misc_feat_tiny,
          nicolae_ru_sacrificial_ziggurat
D:10:     layout_roguey, serial_glass, glass_columns_a, glass_columns_a
D:11:     layout_basic, uniq_sonja, uniq_fannar, uniq_erica, uniq_grum
Temple:   hc_temple_tempest_star
Lair:1:   layout_hall_layers, uniq_harold
Lair:2:   beast_lair_carwin_large_4, layout_regular_city,
          ebering_ghost_inner_flame, uniq_nergalle

Skill      XL: |  1  2  3  4  5  6  7  8  9 10 11 12 |
---------------+-------------------------------------+-----
Axes           | 3 4 5 6 7 9 11 12 13 | 13.6
Armour         | 1 2 3 4 5 6 |  6.4
Evocations     | 1 2 3 4 |  4.6
Fighting       | 3 4 5 6 7 |  7.3
Shields        | 1 2 3 4 5 |  5.3
Throwing       | |  1.5
Dodging        | |  2.4

Action                   |  1- 3 |  4- 6 |  7- 9 | 10-12 || total
-------------------------+-------+-------+-------+-------++-------
Melee: War axe           |   102 |   198 |   625 |  1053 ||  1978
Throw: Boomerang         |       |     1 |    17 |    35 ||    53
       Throwing net      |       |       |     1 |       ||     1
Evoke: Wand              |       |     3 |       |    39 ||    42
       Sack of spiders   |       |       |       |     2 ||     2
  Use: Scroll            |       |       |     9 |    11 ||    20
 Stab: Paralysed         |       |     8 |       |     3 ||    11
       Distracted        |       |       |     3 |     4 ||     7
       Held in net/web   |       |       |     1 |       ||     1
Armor: Leather armour    |     2 |       |       |       ||     2
       Ring mail         |    35 |    18 |    83 |   277 ||   413
       Chain mail        |       |    84 |    53 |       ||   137
       Plate armour      |       |       |    11 |       ||    11
Dodge: Dodged            |    68 |    93 |   165 |   399 ||   725
Block: Buckler           |    21 |    38 |   198 |   471 ||   728
       Reflection        |       |       |     7 |    10 ||    17

Table legend:
 A = Non-vault XP
 B = Vault XP
 C = Vault XP percentage of total XP
 D = Non-vault monster count
 E = Vault monster count
 F = Vault count percentage of total count
                 A         B        C        D         E       F
            +---------+---------+-------+---------+---------+-------
      Total |   20226 |   11383 |  36.0 |     282 |      65 |  18.7
            +---------+---------+-------+---------+---------+-------
        D:1 |      34 |       0 |   0.0 |      15 |       0 |   0.0
        D:2 |      92 |       0 |   0.0 |      23 |       0 |   0.0
        D:3 |     129 |      72 |  35.8 |      18 |       2 |  10.0
        D:4 |     302 |       0 |   0.0 |      16 |       0 |   0.0
        D:5 |     395 |      43 |   9.8 |      11 |       2 |  15.4
        D:6 |    1145 |     107 |   8.5 |      22 |       8 |  26.7
        D:7 |    1407 |    1957 |  58.2 |      23 |      22 |  48.9
        D:8 |    1612 |       0 |   0.0 |      25 |       0 |   0.0
        D:9 |    2024 |     857 |  29.7 |      39 |       8 |  17.0
       D:10 |    1550 |    1685 |  52.1 |      21 |       6 |  22.2
       D:11 |    3824 |    1702 |  30.8 |      34 |       2 |   5.6
     Lair:1 |    2075 |     982 |  32.1 |      10 |       2 |  16.7
     Lair:2 |    5637 |    3978 |  41.4 |      25 |      13 |  34.2
            +---------+---------+-------+---------+---------+-------
